 Dungeon Crawl Stone Soup version 0.32-a0-35-gd9ff480968 (console) character file.

Game seed: 664440834794103072

269484 Ignak the Warrior (level 20, -2/153 HPs)
             Began as a Gnoll Air Elementalist on Jan 18, 2024.
             Was a High Priest of Sif Muna.
             Shot with a bolt by a vault sentinel (16 damage)
             ... on level 4 of the Vaults on Jan 23, 2024.
             The game lasted 03:35:22 (52049 turns).

Ignak the Warrior (Gnoll Air Elementalist)         Turns: 52049, Time: 03:35:23

Health: -2/153     AC: 29    Str:  8    XL:     20   Next: 58%
Magic:  17/39      EV: 16    Int: 26    God:    Sif Muna [*****.]
Gold:   2472       SH: 13    Dex: 15    Spells: 8/49 levels left

rFire   . . .        a - +3 demon whip (pain)
rCold   + + .        w - +0 buckler {AC+3}
rNeg    . . .        P - +4 ring mail {rPois}
rPois   +            v - +2 helmet {SInv}
rElec   .            D - +2 cloak
rCorr   .            l - +2 pair of gloves {Stlth+}
SInv    +            N - +2 pair of boots "Zamnusmo" {rF- Will+ Int+5}
Will    ++...        x - amulet of reflection
Stlth   ++++++       A - ring of protection from fire
HPRegen 0.45/turn    L - ring of wizardry
MPRegen 0.26/turn

%: reflection, wizardry (x1)
@: marked, studying Fighting
A: fangs 1, strong nose, distributed training, cold resistance 2, frail 1
}: 1/15 runes: serpentine
a: Renounce Religion, Channel Magic, Forget Spell, Divine Exegesis


You were on level 4 of the Vaults.
You worshipped Sif Muna.
Sif Muna was extremely pleased with you.
You visited 5 branches of the dungeon, and saw 30 of its levels.
You also visited: Bailey, Gauntlet and Ice Cave.

You collected 3192 gold pieces.
You spent 720 gold pieces at shops.

Inventory:

Hand Weapons
 a - a +3 demon whip of pain (weapon)
 b - a +4 flail of holy wrath
 z - a +6 trident of freezing
Missiles
 s - 35 poisoned darts (quivered)
Armour
 l - a +2 pair of gloves of stealth (worn)
 v - a +2 helmet of see invisible (worn)
 w - a +0 buckler of protection (worn)
 y - a +2 kite shield of protection
 D - a +2 cloak (worn)
 F - +0 swamp dragon scales
 N - the +2 pair of boots "Zamnusmo" (worn) {rF- Will+ Int+5}
   (You acquired it in a bailey)

   Int+5:     It affects your intelligence (+5).
   rF-:       It makes you vulnerable to fire.
   Will+:     It increases your willpower.
 P - a +4 ring mail of poison resistance (worn)
Jewellery
 c - a ring of protection from cold
 d - a +5 ring of evasion
 o - a ring of wizardry
 p - a ring of flight
 x - an amulet of reflection (around neck)
 A - a ring of protection from fire (left hand)
 H - a ring of poison resistance
 L - a ring of wizardry (right hand)
Wands
 h - a wand of paralysis (12)
 j - a wand of acid (2)
 q - a wand of roots (18)
 E - a wand of digging (15)
 J - a wand of mindburst (33)
Scrolls
 i - 3 scrolls of blinking
 m - 3 scrolls of fear
 n - 10 scrolls of teleportation
 t - 3 scrolls of silence
 C - 3 scrolls of enchant armour
 G - 2 scrolls of identify
 K - a scroll of brand weapon
 O - 5 scrolls of revelation
 Q - 5 scrolls of poison
 W - 3 scrolls of amnesia
 Y - a scroll of vulnerability
Potions
 e - 8 potions of brilliance
 f - 16 potions of curing
 g - 6 potions of might
 k - a potion of magic
 r - 5 potions of heal wounds
 u - a potion of ambrosia
 B - 2 potions of berserk rage
 I - a potion of mutation
 M - 3 potions of haste
 R - 2 potions of cancellation
 S - a potion of invisibility
 T - a potion of resistance
 X - 3 potions of lignification
 Z - 3 potions of enlightenment


   Skills:
 + Level 18.2 Fighting
 + Level 14.3 Short Blades
 + Level 14.3 Long Blades
 + Level 14.3 Axes
 + Level 14.3 Maces & Flails
 + Level 14.3 Polearms
 + Level 14.3 Staves
 + Level 14.3 Ranged Weapons
 + Level 14.3 Throwing
 + Level 14.3 Armour
 + Level 15.0 Dodging
 + Level 14.8 Stealth
 + Level 14.3 Shields
 + Level 14.3 Unarmed Combat
 + Level 15.1 Spellcasting
 + Level 12.3 Conjurations
 + Level 12.1 Hexes
 + Level 12.1 Summonings
 + Level 12.1 Necromancy
 + Level 12.1 Translocations
 + Level 12.1 Fire Magic
 + Level 12.1 Ice Magic
 + Level 13.2 Air Magic
 + Level 12.1 Earth Magic
 + Level 12.1 Alchemy
 + Level 15.5 Invocations
 + Level 14.3 Evocations
 + Level 13.2 Shapeshifting


You had 8 spell levels left.
You knew the following spells:

 Your Spells              Type           Power      Damage    Failure   Level
a - Sticky Flame          Fire/Alch      70%        2d11      1%          4
b - Blink                 Tloc           100%       N/A       1%          2
c - Stone Arrow           Conj/Erth      100%       3d13      1%          3
d - Mephitic Cloud        Conj/Alch/Air  71%        N/A       1%          3
e - Haunt                 Necr/Summ      35%        N/A       16%         7
f - Arcjolt               Conj/Air       36%        1d46      1%          5
g - Swiftness             Air            73%        N/A       1%          3
i - Summon Forest         Summ/Tloc      35%        N/A       1%          5
j - Lee's Rapid Deconstr  Erth           35%        3d18*     1%          5
q - Anguish               Hex/Necr       35%        N/A       1%          4

Your spell library contained the following spells:

 Spells                   Type           Power      Damage    Failure   Level
 Apportation              Tloc           100%       N/A       1%          1
 Kiss of Death            Conj/Necr      100%       2d13      1%          1
 Magic Dart               Conj           100%       1d8       1%          1
 Necrotise                Necr           100%       1d9       1%          1
 Sandblast                Erth           100%       2d20      1%          1
 Shock                    Conj/Air       100%       1d9       1%          1
 Sting                    Conj/Alch      100%       1d9       1%          1
 Summon Small Mammal      Summ           100%       N/A       1%          1
 Call Imp                 Summ           100%       N/A       1%          2
 Cigotuvi's Dreadful Rot  Necr/Alch/Air  100%       N/A       1%          2
 Ensorcelled Hibernation  Hex/Ice        100%       N/A       1%          2
 Lesser Beckoning         Tloc           100%       N/A       1%          2
 Momentum Strike          Conj/Tloc      100%       3d10      1%          2
 Scorch                   Fire           100%       2d9       1%          2
 Searing Ray              Conj           100%       2d8       1%          2
 Static Discharge         Conj/Air       100%       3-8/arc   1%          2
 Sublimation of Blood     Necr           70%        N/A       1%          2
 Call Canine Familiar     Summ           70%        N/A       1%          3
 Dazzling Flash           Conj/Hex       100%       N/A       1%          3
 Gell's Gravitas          Tloc           70%        N/A       1%          3
 Hailstorm                Conj/Ice       70%        3d12      1%          3
 Inner Flame              Hex/Fire       70%        N/A       1%          3
 Ozocubu's Armour         Ice            70%        N/A       1%          3
 Passwall                 Erth           70%        N/A       1%          3
 Summon Ice Beast         Ice/Summ       70%        N/A       1%          3
 Teleport Other           Tloc           70%        N/A       1%          3
 Tukima's Dance           Hex            70%        N/A       1%          3
 Volatile Blastmotes      Fire/Tloc      100%       2d18      1%          3
 Airstrike                Air            36%        2d(6-22)  1%          4
 Animate Armour           Summ/Erth      100%       N/A       1%          4
 Cause Fear               Hex            35%        N/A       1%          4
 Dimensional Bullseye     Hex/Tloc       35%        N/A       1%          4
 Dispel Undead            Necr           70%        3d24      1%          4
 Flame Wave               Conj/Fire      70%        2d16      1%          4
 Ignite Poison            Fire/Alch      70%        N/A       1%          4
 Leda's Liquefaction      Alch/Erth      35%        N/A       1%          4
 Martyr's Knell           Necr/Summ      70%        N/A       1%          4
 Passage of Golubria      Tloc           70%        N/A       1%          4
 Summon Blazeheart Golem  Fire/Summ      70%        N/A       1%          4
 Summon Lightning Spire   Summ/Air       72%        N/A       1%          4
 Vhi's Electric Charge    Tloc/Air       100%       N/A       1%          4
 Borgnjor's Vile Clutch   Necr/Erth      35%        N/A       1%          5
 Curse of Agony           Necr           70%        N/A       1%          5
 Fireball                 Conj/Fire      35%        3d15      1%          5
 Freezing Cloud           Conj/Ice/Air   35%        6-21      1%          5
 Metabolic Englaciation   Hex/Ice        35%        N/A       1%          5
 Silence                  Hex/Air        36%        N/A       1%          5
 Yara's Violent Unravell  Hex/Alch       35%        3d14      1%          5
 Plasma Beam              Fire/Air       36%        2x1d49    2%          6
 Bombard                  Conj/Erth      35%        9d6       3%          6
 Death Channel            Necr           35%        N/A       3%          6
 Sculpt Simulacrum        Ice/Alch       35%        N/A       3%          6
 Summon Cactus Giant      Summ           35%        N/A       3%          6
 Enfeeble                 Hex            35%        N/A       16%         7
 Orb of Destruction       Conj           35%        9d10      16%         7
 Spellforged Servitor     Conj/Summ      35%        N/A       16%         7
 Summon Hydra             Summ           35%        N/A       16%         7
 Borgnjor's Revivificati  Necr           35%        N/A       75%         8
 Ignition                 Fire           35%        3d11      75%         8
 Infestation              Necr           35%        N/A       75%         8
 Lehudib's Crystal Spear  Conj/Erth      35%        10d9      75%         8
 Summon Horrible Things   Summ           35%        N/A       75%         8
 Chain Lightning          Conj/Air       36%        3d48      100%        9
 Shatter                  Erth           35%        3d28*     100%        9


Dungeon Overview and Level Annotations

Branches:
Dungeon (15/15)            Temple (0/1) D:6            Lair (5/5) D:8
 Shoals (0/4) Lair:2        Snake (4/4) Lair:3        Slime (0/5) Lair:5
    Orc (2/2) D:11            Elf (0/3) Orc:2        Vaults (4/5) D:14
  Crypt (0/3) Vaults:2     Depths (0/4) D:15         Bailey (visited)
  IceCv (visited)         Gauntlet (visited)

Altars:
Ashenzari
Dithmenos
Elyvilon
Fedhas
Hepliaklqana
Kikubaaqudgha
Makhleb
Nemelex Xobeh
Okawaru
Ru
Sif Muna
Trog
Wu Jian
Xom
Zin
The Shining One
Jiyva
Lugonu

Shops:
D:3 :   D:11 [   Orc:1 [   Orc:2 (([[   Snake:1 :*   Vaults:2 !

Portals:
Abyss: Lair:5

Annotations:
Snake:2 1 runed translucent door, Pujutz's ghost, adept TeAE
Vaults:1 8 runed translucent doors, SlowGraham's ghost, legendary KoMo
Vaults:4 Zenata


Innate Abilities, Weirdness & Mutations

You have very sharp teeth.
Your uncanny sense of smell can sniff out nearby items.
Your experience applies equally to all skills.
Your flesh is very cold resistant. (rC++)
You are frail. (-10% HP)


Message History

Casting: Anguish (safe; 1% risk of failure)
Confirm with . or Enter, or press ? or * to list all spells.
You blink.
Zenata sends weapons flying into battle!
The vault sentinel shoots a bolt.
The bolt hits you! The bolt burns you.
The vault sentinel is wracked by anguish!
You feel ready to blink again.
The yaktaur wields a +0 arbalest.
The yaktaur shoots a bolt.
The bolt closely misses you.
The yaktaur captain wields a +0 arbalest.
The yaktaur captain shoots a bolt.
The bolt hits you!
* * * LOW HITPOINT WARNING * * *
The yaktaur captain is wracked by anguish!
As you read the scroll of fog, it dissolves into smoke.
Electricity crackles from the ironbound thunderhulk's apparatus.
The bolt of lightning hits you!!
* * * LOW HITPOINT WARNING * * *
The yaktaur shoots a bolt.
You block the bolt with an invisible shield... and reflect it back!
The bolt hits the yaktaur!!
There is an open door here.
You see here a +2 robe of resistance.
You close the door.
You hear a shout! x3
You hear a roar!
You hear a shout! x3
A deep troll comes into view.
A vault sentinel comes into view. It is wielding a +0 war axe.
Okay, then.
Casting: Blink (safe; 1% risk of failure)
Confirm with . or Enter, or press ? or * to list all spells.
Aiming: Haunt (dangerous; 16% risk of failure)
Press: ? - help, Dir - move target, f - vault sentinel
Aim: a vault sentinel, wielding a +0 war axe and wearing a +0 ring mail Insubstantial figures form in the air.
The vault sentinel unwields a +0 war axe.
The vault sentinel wields a +1 hand cannon of electrocution.
You hear the crackle of electricity.
The vault sentinel shoots a bolt.
The bolt hits you but does no damage.
You are electrocuted!
You die...

.. #.#. #....#
#.#...#########....#
..'...#..§§§§§#....#
#..O#..§§§§§#....#
#.(ka..§§§cc+....#
#...pkc§§§§§#[...#########
#..(#..§§.§§#.............
#(..#..c....#..........)..
#...#########@............
#... #............. ####
#....######### #.÷..#
#....# #..W.#########
#÷.WT#.......#
#p÷..#...#...#####
#....#.......#....


You could see a deep troll, a vault sentinel (ally target) and 2 friendly
wraiths.

Vanquished Creatures
  3 sphinxes
  Aizul (Snake:3)
  Donald (Orc:2)
  3 nagarajas
  7 vault wardens
  An orc warlord (D:14)
  A balrug (Orc:1)
  3 formless jellyfish
  A stone giant (Vaults:3)
  10 ironbound preservers
  A deep elf death mage (Vaults:2)
  An ironbound thunderhulk (Vaults:1)
  A deep elf annihilator (Vaults:3)
  10 dire elephants
  2 war gargoyles (Vaults:3)
  A minotaur (Gauntlet)
  Azrael (Snake:1)
  An eidolon (Vaults:2)
  The ghost of Ogavoroi the Bludgeoner, a journeyman TrWr of Hepliaklqana (Lair:3)
  Josephine (D:14)
  2 entropy weavers (Vaults:2)
  A rakshasa (D:15)
  5 great orbs of eyes
  An ogre mage (Vaults:2)
  4 hydras
  5 yaktaur captains
  3 salamander tyrants (Snake:4)
  4 alligators (Snake:4)
  8 vault guards
  8 centaur warriors
  An alligator snapping turtle (Snake:4)
  7 two-headed ogres
  2 ironbound frosthearts
  The ghost of Hyfo the Eclecticist, a journeyman DECj of Vehumet (Lair:2)
  6 anacondas
  2 boulder beetles
  10 naga warriors
  Urug (Orc:1)
  3 orc high priests
  11 shock serpents
  A soul eater (D:12)
  A spriggan berserker (Lair:3)
  6 naga sharpshooters
  An occultist (D:15)
  A fire crab (Gauntlet)
  2 salamander mystics (Snake:4)
  2 skeletal warriors (D:15)
  3 goliath frogs
  5 mana vipers
  A deep troll (shapeshifter) (Vaults:3)
  3 sea snakes (Snake:4)
  4 naga ritualists
  15 deep trolls
  A phantasmal warrior (Vaults:2)
  3 arcanists
  A harpy (Vaults:2)
  5 orc knights
  3 lindwurms (Vaults:2)
  A deep elf zephyrmancer (D:15)
  11 ironbound convokers
  4 necromancers
  A wolf spider zombie (D:15)
  2 deep elf pyromancers
  8 orc sorcerers
  2 cyclopes
  4 manticores
  3 large abominations (Lair:5)
  An oklob plant (Lair:1)
  9 ugly things
  A manticore (shapeshifter) (D:14)
  8 salamanders
  A salamander (shapeshifter) (D:15)
  2 meliai (D:15)
  2 kobold blastminers
  15 vault sentinels
  12 elephants
  4 guardian serpents
  An ice statue (IceCv)
  2 rust devils (D:12)
  7 naga magi
  A black mamba (shapeshifter) (Lair:5)
  A torpor snail (Lair:1)
  25 black mambas
  A smoke demon (D:12)
  2 gargoyles (D:10)
  13 cane toads
  2 centaur skeletons (D:15)
  2 unseen horrors (D:11)
  A kobold demonologist (D:10)
  Maggie (D:6)
  3 efreet (D:15)
  6 komodo dragons
  11 ice devils
  A rime drake (Lair:3)
  2 anaconda simulacra (IceCv)
  19 yaktaurs
  3 freezing wraiths
  A tengu conjurer (D:15)
  8 trolls
  A red devil (D:12)
  A tarantella (Vaults:2)
  Grinder (D:6)
  A tyrant leech (Gauntlet)
  24 blink frogs
  A wind drake (Lair:2)
  2 snapping turtles (Snake:4)
  A raiju (Lair:5)
  3 dream sheep (Lair:4)
  The ghost of paps the Changeling, an amateur OpSh of Gozag (D:4)
  A meliai zombie (D:15)
  A jumping spider (Vaults:2)
  12 slime creatures
  42 yaks
  3 spriggans (Lair:3)
  A water elemental (D:14)
  3 fire elementals (Snake:1)
  2 wyverns
  4 dire elephant simulacra (IceCv)
  2 vampires
  A wraith (D:12)
  2 shadows (D:11)
  Grum (D:8)
  5 basilisks
  An unseen horror simulacrum (D:9)
  6 death yak simulacra (IceCv)
  3 fire bats
  9 vampire mosquitoes
  2 redbacks (Vaults:2)
  A chaos spawn (Lair:5)
  A warg (D:8)
  A steam dragon (D:10)
  Edmund (D:6)
  32 nagas
  2 harpy simulacra (IceCv)
  2 swamp worms (Gauntlet)
  2 hell hounds (Snake:1)
  A hydra simulacrum (IceCv)
  An acid dragon (D:11)
  9 water moccasins
  A swamp drake (D:10)
  31 orc warriors
  3 ice beasts
  Pargi (D:3)
  5 sky beasts
  6 small abominations (Lair:5)
  3 laughing skulls
  12 wolves
  8 ogres
  6 centaurs
  3 phantoms
  2 kobold brigands
  14 bullfrogs
  4 gnoll sergeants
  3 cane toad simulacra (IceCv)
  3 scorpions
  12 wights
  2 elephant simulacra (IceCv)
  3 killer bees (D:9)
  6 electric eels
  4 howler monkeys
  A bombardier beetle (D:3)
  3 hounds
  2 quasits (D:12)
  A gnoll bouda (D:5)
  Crazy Yiuf (D:6)
  29 orc priests
  2 sleepcaps
  4 iguanas
  41 orc wizards
  7 polar bear simulacra (IceCv)
  2 spriggan simulacra (IceCv)
  2 troll simulacra (IceCv)
  3 scorpion zombies (D:13)
  3 centaur simulacra
  2 wolf simulacra (IceCv)
  12 adders
  25 gnolls
  A naga simulacrum (IceCv)
  2 shadow imps
  4 white imps
  A howler monkey simulacrum (D:9)
  A ribbon worm (D:3)
  77 orcs
  5 ball pythons
  9 endoplasms
  4 giant cockroaches
  19 goblins
  10 hobgoblins
  5 jackals
  12 kobolds
  2 quokkas
  4 bats (D:1)
  5 frilled lizards
  5 rats
1026 creatures vanquished.

Vanquished Creatures (collateral kills)
  Boris (Vaults:4)
  Jorgrun (Snake:1)
  2 nagarajas (Snake:4)
  A vault warden (Vaults:1)
  An ironbound preserver (Vaults:3)
  A very ugly thing (Vaults:3)
  A stone giant (Vaults:3)
  2 ironbound thunderhulks
  A deep elf death mage (Vaults:3)
  9 dire elephants
  A jiangshi (Vaults:2)
  4 yaktaur captains (Vaults:3)
  A great orb of eyes (Vaults:3)
  2 hydras
  A salamander tyrant (Snake:2)
  2 vault guards
  2 anacondas
  A catoblepas (Lair:4)
  5 centaur warriors
  3 ironbound frosthearts
  2 boulder beetles
  A naga warrior (Snake:4)
  A tengu warrior (D:15)
  2 two-headed ogres (D:15)
  2 thrashing horrors (Lair:5)
  5 naga sharpshooters
  Sonja (Lair:2)
  A salamander mystic (Snake:2)
  3 skeletal warriors (D:15)
  3 naga ritualists
  4 deep trolls
  An arcanist (Vaults:1)
  5 ironbound convokers
  4 harpies
  2 lindwurms (Vaults:3)
  8 orc knights
  8 ugly things
  A manticore (D:14)
  3 salamanders
  A moth of wrath (Lair:3)
  4 vault sentinels
  7 black mambas
  A meliai (D:15)
  A guardian serpent (Snake:2)
  5 smoke demons (Lair:5)
  3 naga magi
  4 cane toads
  A gargoyle (D:14)
  A komodo dragon (Lair:3)
  A rime drake (Lair:2)
  6 yaktaurs
  An ice devil (D:12)
  A red devil (D:12)
  A polar bear (Lair:5)
  A hornet (Lair:3)
  3 blink frogs (Lair:5)
  A raiju (Lair:5)
  2 slime creatures (Vaults:1)
  5 wraiths
  4 spriggans
  6 yaks (Lair:5)
  A nameless horror (Snake:1)
  3 basilisks (Lair:5)
  2 redbacks (Vaults:2)
  A chaos spawn (D:12)
  6 small abominations (Lair:5)
  10 nagas
  2 water moccasins (Lair:4)
  An orc warrior (D:14)
  12 wolves
  A bullfrog (Lair:1)
  2 quasits (D:12)
  6 orcs (D:14)
206 creatures vanquished.

Vanquished Creatures (others)
  An orc warlord (Vaults:3)
  A dire elephant (Vaults:2)
  A vault guard (D:14)
  A yaktaur captain (Vaults:2)
  A hydra (D:15)
  A catoblepas (Lair:2)
  An ogre mage (D:15)
  3 centaur warriors
  3 ironbound frosthearts
  A death yak (Lair:4)
  A thrashing horror (Lair:5)
  A salamander mystic (Snake:4)
  2 deep trolls (Vaults:3)
  4 lindwurms
  An orc knight (D:14)
  3 elephants
  4 yaktaurs
  A red devil (D:12)
  A raiju (Lair:5)
  A hellwing (D:12)
  A blink frog (Lair:5)
  A dream sheep (Lair:4)
  5 yaks
  A basilisk (Lair:4)
  A warg (Orc:2)
  A naga (Snake:4)
  3 orc warriors
  A laughing skull (D:14)
  An ogre (Orc:2)
  A quasit (D:12)
  An orc priest (Orc:2)
  An orc wizard (Orc:2)
  11 snaplasher vines
62 creatures vanquished.

Grand Total: 1294 creatures vanquished

Notes
Turn   | Place    | Note
-------+----------+-------------------------------------------
     0 | D:1      | Ignak the Gnoll Air Elementalist began the quest for the
                  | Orb.
     0 | D:1      | Reached XP level 1. HP: 13/13 MP: 6/6
   248 | D:1      | Reached XP level 2. HP: 17/20 MP: 2/7
   476 | D:1      | Learned a level 2 spell: Static Discharge
   696 | D:1      | Reached skill level 5 in Spellcasting
   696 | D:1      | Reached XP level 3. HP: 25/25 MP: 5/9
   702 | D:1      | Learned a level 3 spell: Swiftness
   970 | D:2      | Reached skill level 1 in Invocations
   984 | D:2      | Reached skill level 1 in Fighting
   984 | D:2      | Reached skill level 1 in Short Blades
   984 | D:2      | Reached skill level 1 in Long Blades
   984 | D:2      | Reached skill level 1 in Axes
   984 | D:2      | Reached skill level 1 in Maces & Flails
   984 | D:2      | Reached skill level 1 in Polearms
   984 | D:2      | Reached skill level 1 in Staves
   984 | D:2      | Reached skill level 1 in Ranged Weapons
   984 | D:2      | Reached skill level 1 in Throwing
   984 | D:2      | Reached skill level 1 in Armour
   984 | D:2      | Reached skill level 1 in Shields
   984 | D:2      | Reached skill level 1 in Unarmed Combat
   984 | D:2      | Reached skill level 1 in Evocations
  1253 | D:2      | Found a glowing silver altar of Zin.
  1290 | D:2      | Learned a level 3 spell: Stone Arrow
  1327 | D:2      | Reached skill level 1 in Shapeshifting
  1327 | D:2      | Reached XP level 4. HP: 32/32 MP: 6/11
  1476 | D:2      | Learned a level 4 spell: Airstrike
  1802 | D:2      | Found a faded altar of an unknown god.
  1933 | D:3      | Noticed Pargi
  1943 | D:3      | Reached skill level 1 in Hexes
  1943 | D:3      | Reached skill level 1 in Summonings
  1943 | D:3      | Reached skill level 1 in Necromancy
  1943 | D:3      | Reached skill level 1 in Translocations
  1943 | D:3      | Reached skill level 1 in Fire Magic
  1943 | D:3      | Reached skill level 1 in Ice Magic
  1943 | D:3      | Reached skill level 1 in Earth Magic
  1943 | D:3      | Reached skill level 1 in Alchemy
  2245 | D:3      | Reached XP level 5. HP: 34/37 MP: 5/12
  2379 | D:3      | Found Tiepumio's Book Emporium.
  2399 | D:3      | Bought a book of Minor Magic for 176 gold pieces
  2423 | D:3      | Found a shimmering blue altar of Sif Muna.
  2432 | D:3      | Got Sif Muna's Anthology of Reformation
  2434 | D:3      | Became a worshipper of Sif Muna the Loreminder
  2443 | D:3      | Found a bloodstained altar of Trog.
  3035 | D:3      | Killed Pargi
  3036 | D:3      | Reached skill level 2 in Fighting
  3036 | D:3      | Reached skill level 5 in Dodging
  3036 | D:3      | Reached XP level 6. HP: 44/44 MP: 4/14
  3159 | D:3      | Learned a level 2 spell: Blink
  3402 | D:4      | Found an ornate altar of the Wu Jian Council.
  3402 | D:4      | Found a shadowy altar of Dithmenos.
  3402 | D:4      | Found a sparkling altar of Nemelex Xobeh.
  3402 | D:4      | Found a burning altar of Makhleb.
  3403 | D:4      | Found a glowing golden altar of the Shining One.
  3403 | D:4      | Found a broken altar of Ashenzari.
  3404 | D:4      | Found a hazy altar of Hepliaklqana.
  3404 | D:4      | Found an iron altar of Okawaru.
  3404 | D:4      | Found a sacrificial altar of Ru.
  3426 | D:4      | Reached XP level 7. HP: 47/51 MP: 15/15
  3468 | D:4      | Found a runed translucent door.
  3481 | D:4      | Noticed paps's ghost (amateur OpSh)
  3611 | D:4      | Killed paps's ghost
  3612 | D:4      | Reached skill level 5 in Stealth
  3708 | D:4      | Learned a level 2 spell: Call Imp
  4070 | D:4      | Reached * piety under Sif Muna
  4392 | D:5      | Entered Level 5 of the Dungeon
  4481 | D:5      | Reached skill level 3 in Fighting
  4481 | D:5      | Reached XP level 8. HP: 58/58 MP: 3/16
  5416 | D:5      | Found a blossoming altar of Fedhas.
  5449 | D:5      | Found a white marble altar of Elyvilon.
  6475 | D:6      | Reached skill level 4 in Fighting
  6475 | D:6      | Reached XP level 9. HP: 52/65 MP: 18/18
  6484 | D:6      | Learned a level 3 spell: Mephitic Cloud
  6610 | D:6      | Reached ** piety under Sif Muna
  6722 | D:6      | Found a staircase to the Ecumenical Temple.
  6759 | D:6      | Found a runed translucent door.
  6760 | D:6      | Noticed Crazy Yiuf
  6775 | D:6      | Killed Crazy Yiuf
  7393 | D:6      | Noticed Grinder
  7401 | D:6      | Paralysed by Grinder for 2 turns
  7405 | D:6      | Killed Grinder
  7570 | D:6      | Noticed Edmund
  7578 | D:6      | Killed Edmund
  7579 | D:6      | Reached skill level 5 in Invocations
  7702 | D:6      | Noticed Maggie
  7711 | D:6      | Killed Maggie
  7941 | D:6      | Gained mutation: You are strong-willed. (Will+) [potion of
                  | mutation]
  7941 | D:6      | Gained mutation: You have hidden genetic defects. [potion
                  | of mutation]
  7942 | D:6      | Lost mutation: You are strong-willed. (Will+) [potion of
                  | mutation]
  7942 | D:6      | Lost mutation: You have hidden genetic defects. [potion of
                  | mutation]
  7942 | D:6      | Gained mutation: You occasionally lose the ability to drink
                  | potions when taking damage. [potion of mutation]
  7942 | D:6      | Gained mutation: Your spells are a little harder to cast,
                  | but a little more powerful. [potion of mutation]
  7943 | D:6      | Lost mutation: Your spells are a little harder to cast, but
                  | a little more powerful. [potion of mutation]
  7943 | D:6      | Lost mutation: You occasionally lose the ability to drink
                  | potions when taking damage. [potion of mutation]
  7943 | D:6      | Gained mutation: You are occasionally teleported next to
                  | monsters. [potion of mutation]
  7943 | D:6      | Gained mutation: Your body sometimes deteriorates upon
                  | taking damage. [potion of mutation]
  7943 | D:6      | Gained mutation: Your spells are a little harder to cast,
                  | but a little more powerful. [potion of mutation]
  7944 | D:6      | Lost mutation: Your spells are a little harder to cast, but
                  | a little more powerful. [potion of mutation]
  7944 | D:6      | Lost mutation: You are occasionally teleported next to
                  | monsters. [potion of mutation]
  7944 | D:6      | Gained mutation: You are partially covered in iridescent
                  | scales. (AC +2) [potion of mutation]
  8231 | D:7      | Reached skill level 5 in Fighting
  8231 | D:7      | Reached skill level 5 in Short Blades
  8231 | D:7      | Reached skill level 5 in Long Blades
  8231 | D:7      | Reached skill level 5 in Axes
  8231 | D:7      | Reached skill level 5 in Maces & Flails
  8231 | D:7      | Reached skill level 5 in Polearms
  8231 | D:7      | Reached skill level 5 in Staves
  8231 | D:7      | Reached skill level 5 in Ranged Weapons
  8231 | D:7      | Reached skill level 5 in Throwing
  8231 | D:7      | Reached skill level 5 in Armour
  8231 | D:7      | Reached skill level 5 in Shields
  8231 | D:7      | Reached skill level 5 in Unarmed Combat
  8231 | D:7      | Reached skill level 5 in Evocations
  8231 | D:7      | Reached XP level 10. HP: 74/74 MP: 4/20
  9110 | D:8      | Noticed Grum
  9141 | D:8      | Killed Grum
  9142 | D:8      | Reached skill level 5 in Conjurations
  9171 | D:8      | Reached skill level 5 in Shapeshifting
  9267 | D:8      | Found a burning altar of Makhleb.
  9278 | D:8      | Reached *** piety under Sif Muna
  9594 | D:8      | Found a staircase to the Lair.
  9771 | D:8      | Identified the +4 quarterstaff of the Feeding Salmon
                  | {freeze, Dex+3}
 10089 | D:9      | Noticed a two-headed ogre
 10103 | D:8      | Killed a two-headed ogre
 10230 | D:9      | Found a flagged portal.
 10236 | D:9      | Reached skill level 6 in Fighting
 10243 | Bailey   | Entered a bailey
 10370 | Bailey   | Reached skill level 5 in Hexes
 10370 | Bailey   | Reached skill level 5 in Summonings
 10370 | Bailey   | Reached skill level 5 in Necromancy
 10370 | Bailey   | Reached skill level 5 in Translocations
 10370 | Bailey   | Reached skill level 5 in Fire Magic
 10370 | Bailey   | Reached skill level 5 in Ice Magic
 10370 | Bailey   | Reached skill level 5 in Earth Magic
 10370 | Bailey   | Reached skill level 5 in Alchemy
 10370 | Bailey   | Reached XP level 11. HP: 67/81 MP: 4/22
 10671 | Bailey   | Reached **** piety under Sif Muna
 10708 | Bailey   | Noticed an orc knight
 10754 | Bailey   | Killed an orc knight
 10854 | Bailey   | Identified the staff of Infinity {rF+ Earth}
 10860 | Bailey   | Acquired the +2 pair of boots "Zamnusmo" {rF- Will+ Int+5}
 11120 | D:10     | Entered Level 10 of the Dungeon
 12077 | D:9      | Found a glowing silver altar of Zin.
 12948 | D:10     | Reached ***** piety under Sif Muna
 13001 | D:10     | Noticed a two-headed ogre
 13161 | D:10     | Noticed a sixfirhy
 13169 | D:10     | Killed a two-headed ogre
 13170 | D:10     | Reached skill level 7 in Fighting
 13342 | D:10     | Noticed a cyclops
 13353 | D:10     | Killed a cyclops
 13428 | D:10     | Reached XP level 12. HP: 91/91 MP: 20/24
 13870 | D:11     | Noticed a two-headed ogre
 14078 | D:10     | Killed a two-headed ogre
 14157 | D:11     | Learned a level 4 spell: Anguish
 14759 | D:11     | Found Bashuwn's Armour Shoppe.
 15227 | D:11     | Found a staircase to the Orcish Mines.
 15316 | Orc:1    | Entered Level 1 of the Orcish Mines
 15402 | Orc:1    | Received a gift from Sif Muna
 15411 | Orc:1    | Got Sif Muna's Notes on the Tesseract and Damage {god gift}
 15476 | Orc:1    | Noticed a two-headed ogre
 15477 | Orc:1    | Found Peatann's Antique Armour Shop.
 15485 | Orc:1    | Killed a two-headed ogre
 15489 | Orc:1    | Bought a faintly humming leather armour for 175 gold pieces
 15489 | Orc:1    | Identified the +0 leather armour "Moty" {rPois rF+ Str+2
                  | Dex-5} (You bought it in a shop on level 1 of the Orcish
                  | Mines)
 15505 | Orc:1    | Noticed Urug
 15521 | Orc:1    | Killed Urug
 15779 | Orc:1    | Found a runed translucent door.
 15782 | Orc:1    | Noticed a balrug
 16264 | Orc:2    | Entered Level 2 of the Orcish Mines
 16281 | Orc:2    | Found a gate leading to a gauntlet.
 16294 | Gauntlet | Entered a Gauntlet
 16294 | Gauntlet | Found a transporter.
 16305 | Gauntlet | Found a transporter.
 16320 | Gauntlet | Found a transporter.
 16353 | Gauntlet | Found a transporter.
 16354 | Gauntlet | Found a transporter.
 16355 | Gauntlet | Found a transporter.
 16381 | Gauntlet | Found a transporter.
 16383 | Gauntlet | Found a transporter.
 16400 | Gauntlet | Found a transporter.
 16409 | Gauntlet | Found a transporter.
 16414 | Gauntlet | Found a transporter.
 16431 | Gauntlet | Found a transporter.
 16619 | Gauntlet | Learned a level 5 spell: Curse of Agony
 16868 | Gauntlet | Found a transporter.
 16880 | Gauntlet | Noticed a minotaur
 16891 | Gauntlet | Killed a minotaur
 16892 | Gauntlet | Reached skill level 8 in Fighting
 16962 | Gauntlet | Found a transporter.
 17045 | Orc:2    | Reached XP level 13. HP: 57/98 MP: 13/26
 17628 | Orc:2    | Noticed Donald
 17657 | Orc:2    | Killed Donald
 18318 | Orc:2    | Reached skill level 9 in Fighting
 18670 | Orc:2    | Reached skill level 10 in Spellcasting
 18670 | Orc:2    | Paralysed by an orc sorcerer for 2 turns
 19205 | Orc:2    | Found a staircase to the Elven Halls.
 19282 | Orc:2    | Found Teyclat's Armour Emporium.
 19282 | Orc:2    | Found Waubri Issi's Armour Emporium.
 19286 | Orc:2    | Found Appias's Weapon Shoppe.
 19289 | Orc:2    | Found Zyumik's Weapon Shoppe.
 19298 | Orc:2    | Bought a +2 helmet of see invisible for 236 gold pieces
 19720 | Orc:1    | Killed a balrug
 20080 | Lair:1   | Entered Level 1 of the Lair of Beasts
 20126 | Lair:1   | Found a frozen archway.
 20135 | IceCv    | Entered an ice cave
 20389 | IceCv    | Reached skill level 10 in Dodging
 20803 | IceCv    | Found an ancient bone altar of Kikubaaqudgha.
 21057 | IceCv    | Reached skill level 10 in Stealth
 21492 | IceCv    | Reached skill level 10 in Fighting
 21741 | IceCv    | Reached XP level 14. HP: 110/110 MP: 18/28
 21751 | IceCv    | Got the Exposition on Spectral Freezing
 21842 | IceCv    | Reached skill level 10 in Invocations
 23167 | Lair:1   | Learned a level 5 spell: Summon Forest
 23790 | Lair:2   | Noticed Sonja
 23796 | Lair:2   | Killed Sonja
 24003 | Lair:2   | Received a gift from Sif Muna
 24012 | Lair:2   | Got Sif Muna's Atlas of Convocation and Minerals {god gift}
 24033 | Lair:2   | Reached skill level 11 in Fighting
 24050 | Lair:2   | Found an iron altar of Okawaru.
 24127 | Lair:2   | Found a staircase to the Shoals.
 24398 | Lair:2   | Found a runed translucent gate.
 24399 | Lair:2   | Found a runed translucent gate.
 24399 | Lair:2   | Found a runed translucent gate.
 24436 | Lair:2   | Noticed Hyfo's ghost (journeyman DECj)
 24450 | Lair:2   | Killed Hyfo's ghost
 25329 | Lair:3   | Found a transporter.
 25366 | Lair:3   | Found a staircase to the Snake Pit.
 25539 | Lair:3   | Found a transporter.
 25539 | Lair:3   | Noticed Ogavoroi's ghost (journeyman TrWr)
 25544 | Lair:3   | Found a bloodstained altar of Trog.
 25646 | Lair:3   | Reached skill level 10 in Air Magic
 26212 | Lair:3   | Killed Ogavoroi's ghost
 26213 | Lair:3   | Reached skill level 10 in Short Blades
 26213 | Lair:3   | Reached skill level 10 in Long Blades
 26213 | Lair:3   | Reached skill level 10 in Axes
 26213 | Lair:3   | Reached skill level 10 in Maces & Flails
 26213 | Lair:3   | Reached skill level 10 in Polearms
 26213 | Lair:3   | Reached skill level 10 in Staves
 26213 | Lair:3   | Reached skill level 10 in Ranged Weapons
 26213 | Lair:3   | Reached skill level 10 in Throwing
 26213 | Lair:3   | Reached skill level 10 in Armour
 26213 | Lair:3   | Reached skill level 10 in Shields
 26213 | Lair:3   | Reached skill level 10 in Unarmed Combat
 26213 | Lair:3   | Reached skill level 10 in Evocations
 26526 | Lair:3   | Reached XP level 15. HP: 20/120 MP: 10/30
 27142 | Lair:4   | Reached skill level 12 in Fighting
 27725 | Lair:5   | Entered Level 5 of the Lair of Beasts
 28152 | Lair:5   | Found a viscous altar of Jiyva.
 28152 | Lair:5   | Found a staircase to the Slime Pits.
 28868 | Lair:5   | Received a gift from Sif Muna
 28869 | Lair:5   | Got Sif Muna's Precepts of Charnel Fascination {god gift}
 29508 | Lair:5   | Found a corrupted altar of Lugonu.
 29508 | Lair:5   | Found a one-way gate to the infinite horrors of the Abyss.
 30863 | D:12     | Reached skill level 10 in Shapeshifting
 30889 | D:12     | Reached skill level 13 in Fighting
 31178 | D:13     | You fall into a shaft and drop 2 floors!
 31178 | D:15     | Entered Level 15 of the Dungeon
 31477 | D:14     | Reached XP level 16. HP: 126/127 MP: 30/32
 31558 | D:14     | Found a gate to the Vaults.
 31558 | D:14     | Noticed Josephine
 31579 | D:14     | Killed Josephine
 32484 | D:14     | Received a gift from Sif Muna
 32485 | D:14     | Got Sif Muna's Compilation of the Deathly Commander {god
                  | gift}
 33182 | D:13     | Identified the +5 sling of Cataclysm {drain, Str+2 Int+5}
 33302 | D:13     | Learned a level 5 spell: Lee's Rapid Deconstruction
 33346 | D:13     | Found an ancient bone altar of Kikubaaqudgha.
 34357 | D:15     | Upgraded the game from 0.32-a0-22-g6ae6769602 to
                  | 0.32-a0-30-gefbe487952
 34358 | D:15     | Found a white marble altar of Elyvilon.
 34814 | D:15     | Found a staircase to the Depths.
 35062 | D:15     | Reached skill level 14 in Fighting
 35062 | D:15     | Reached skill level 10 in Conjurations
 35298 | D:15     | Received a gift from Sif Muna
 35310 | D:15     | Learned a level 4 spell: Sticky Flame
 35825 | Snake:1  | Entered Level 1 of the Snake Pit
 35956 | Snake:1  | Reached XP level 17. HP: 131/139 MP: 24/33
 36168 | Snake:1  | Found Waeg's Book Boutique.
 36248 | Snake:1  | Noticed Jorgrun
 36257 | Snake:1  | Killed Jorgrun
 36385 | Snake:1  | Reached skill level 10 in Hexes
 36385 | Snake:1  | Reached skill level 10 in Summonings
 36385 | Snake:1  | Reached skill level 10 in Necromancy
 36385 | Snake:1  | Reached skill level 10 in Translocations
 36385 | Snake:1  | Reached skill level 10 in Fire Magic
 36385 | Snake:1  | Reached skill level 10 in Ice Magic
 36385 | Snake:1  | Reached skill level 10 in Earth Magic
 36385 | Snake:1  | Reached skill level 10 in Alchemy
 36844 | Snake:1  | Noticed Azrael
 36884 | Snake:1  | Killed Azrael
 37217 | Snake:1  | Found Caetuirch's General Store.
 37225 | Snake:1  | Bought a scroll of identify for 28 gold pieces
 37225 | Snake:1  | Bought a scroll of enchant armour for 105 gold pieces
 38957 | Snake:2  | Reached skill level 15 in Fighting
 38998 | Snake:2  | Found a runed translucent door.
 38998 | Snake:2  | Found a shimmering altar of Xom.
 38998 | Snake:2  | Noticed Pujutz's ghost (adept TeAE)
 39874 | Snake:3  | Received a gift from Sif Muna
 39985 | Snake:3  | Got Naeber Wedu's Grimoire of the Lonely Prophets {god
                  | gift}
 40157 | Snake:3  | Identified the serpent talisman of Gotah {rF+}
 40157 | Snake:3  | Noticed Aizul
 40168 | Snake:3  | Killed Aizul
 40516 | Snake:4  | Entered Level 4 of the Snake Pit
 40777 | Snake:4  | HP: 7/142 [salamander tyrant/flame surge (29)]
 40778 | Snake:4  | Reached XP level 18. HP: 5/149 MP: 3/35
 42442 | Snake:4  | Reached skill level 16 in Fighting
 42910 | Snake:4  | Got a serpentine rune of Zot
 43304 | Vaults:1 | Entered Level 1 of the Vaults
 43478 | Vaults:1 | Received a gift from Sif Muna
 45068 | Vaults:1 | Found a large runed translucent door.
 45068 | Vaults:1 | Found a large runed translucent door.
 45068 | Vaults:1 | Found a large runed translucent door.
 45068 | Vaults:1 | Found a large runed translucent door.
 45068 | Vaults:1 | Found a large runed translucent door.
 45068 | Vaults:1 | Found a large runed translucent door.
 45068 | Vaults:1 | Found a large runed translucent door.
 45068 | Vaults:1 | Found a large runed translucent door.
 45068 | Vaults:1 | Noticed SlowGraham's ghost (legendary KoMo)
 45132 | Vaults:1 | Reached XP level 19. HP: 144/159 MP: 32/37
 46096 | Vaults:2 | Found a staircase to the Crypt.
 46112 | Vaults:2 | Received a gift from Sif Muna
 46113 | Vaults:2 | Got Raesumilo's Vellum of Damage and the Tempest {god gift}
 46365 | Vaults:2 | Found Zuxalaor's Distillery.
 46376 | Vaults:2 | Reached skill level 17 in Fighting
 49022 | Vaults:3 | Reached skill level 15 in Invocations
 49068 | Vaults:3 | Paralysed by a formless jellyfish for 1 turns
 49400 | Vaults:3 | Received a gift from Sif Muna
 49401 | Vaults:3 | Reached XP level 20. HP: 160/170 MP: 25/38
 49409 | Vaults:3 | Got Oneaz's Precepts of the Summoned Wayfarer {god gift}
 49430 | Vaults:3 | Learned a level 7 spell: Haunt
 50577 | Vaults:3 | Upgraded the game from 0.32-a0-30-gefbe487952 to
                  | 0.32-a0-35-gd9ff480968
 50884 | Vaults:3 | Lost mutation: Your body sometimes deteriorates upon taking
                  | damage. [potion of mutation]
 50884 | Vaults:3 | Lost mutation: You are partially covered in iridescent
                  | scales. (AC +2) [potion of mutation]
 50884 | Vaults:3 | Gained mutation: You are frail. (-10% HP) [potion of
                  | mutation]
 50884 | Vaults:3 | Gained mutation: You occasionally shout uncontrollably at
                  | your foes. [potion of mutation]
 50884 | Vaults:3 | Gained mutation: You are vulnerable to cold. (rC-) [potion
                  | of mutation]
 50884 | Vaults:3 | Gained mutation: You have sharp fingernails. [potion of
                  | mutation]
 50885 | Vaults:3 | Lost mutation: You are vulnerable to cold. (rC-) [potion of
                  | mutation]
 50885 | Vaults:3 | Lost mutation: You have sharp fingernails. [potion of
                  | mutation]
 50885 | Vaults:3 | Lost mutation: You occasionally shout uncontrollably at
                  | your foes. [potion of mutation]
 50885 | Vaults:3 | Gained mutation: Your flesh is cold resistant. (rC+)
                  | [potion of mutation]
 50885 | Vaults:3 | Gained mutation: Your flesh is very cold resistant. (rC++)
                  | [potion of mutation]
 50923 | Vaults:3 | Reached skill level 18 in Fighting
 51161 | Vaults:3 | Reached skill level 15 in Spellcasting
 51775 | Vaults:4 | Acquired a book of Lightning
 51784 | Vaults:4 | Learned a level 5 spell: Arcjolt
 51923 | Vaults:4 | Noticed Boris
 51939 | Vaults:4 | Killed Boris
 51940 | Vaults:4 | Reached skill level 15 in Dodging
 51998 | Vaults:4 | Noticed Zenata
 52049 | Vaults:4 | Shot with a bolt by a vault sentinel

Illustrated notes

Levels and vault maps discovered:
D:1:      nicolae_arrival_memento_mori, layout_basic
D:2:      minmay_spotlight, layout_loops_ring, basic_altar,
          shapermc_ecumenical_altar_petra, minmay_goblin_outpost
D:3:      layout_basic, nzn_overflow_gifts_of_might_and_magic, serial_shops,
          shop, serial_park_tiny_pond, uniq_pargi
D:4:      layout_cave_pods, nicolae_overflows_in_rows, ebering_ghost_sewer_d
D:5:      layout_basic, nicolae_overflow_squiral
D:6:      layout_basic, minmay_temple_entry_poolview, grunt_ministairs_4,
          chequers_serial_rivers_micro_c, uniq_crazy_yiuf_cottage, uniq_edmund,
          uniq_grinder, uniq_maggie
D:7:      layout_basic, hangedman_decor_growths, minmay_crystal_room,
          water_boxes_lemuel
D:8:      layout_basic, erik_lair_orcish_takeover, minivault_11,
          corexii_corridor_pit, mrwooster_statue_mirror,
          david_defended_altar_orc, uniq_grum
D:9:      layout_gridville, zin_scriptorium, serial_ice, serial_ice_l,
          serial_ice_d, serial_ice_a, serial_ice_b, enter_bailey_5
D:10:     layout_stronghold, serial_bayou_pond_a, minmay_chambers_of_fives
D:11:     layout_basic, erik_orc_2, serial_shops, nicolae_shop_hallway_plus
D:12:     layout_basic, serial_demonic, serial_demonic_f, serial_demonic_d,
          serial_demonic_f, serial_demonic_a, serial_demonic_d, serial_demonic_g
D:13:     layout_loops_ring, small_statue_intersection,
          lemuel_zombie_altar_kikubaaqudgha
D:14:     layout_basic, lightli_vaults_fourway_checkpoint, hex_medium,
          serial_co_window_serial, co_window_paths_b, co_window_paths_a,
          co_window_of_opportunity_a, co_window_paths_a, co_window_paths_b,
          co_window_of_opportunity_a, co_window_paths_a, co_window_corner_a,
          co_window_corner_a, co_window_2corner, co_window_of_opportunity_b,
          co_window_2corner, co_window_corner_b, co_window_unsneaky_path_c,
          co_window_corner_ca, glass_columns_a, glass_columns_c,
          lightli_church_of_beogh, uniq_josephine, uniq_roxanne
D:15:     grunt_enter_depths_magical_seal, layout_rooms, nicolae_two_hexagons,
          elyvilon_altar_5
Lair:1:   layout_layer_cave, portal_ice_cave_entry_pillars_1,
          minmay_lair_oklob_items, beast_lair_carwin_4
Lair:2:   layout_cave_pods, minmay_shoals_entry_beasts,
          ebering_ghost_rock_garden, lemuel_centaur_altar,
          infiniplex_staircase_pool, uniq_sonja
Lair:3:   layout_cellular_growth, minmay_snake_entry_guardpost_small,
          gammafunk_ghost_wrathful_warriors, grunt_megastairs_1
Lair:4:   layout_hall_layers, nicolae_lair_yak_garden
Lair:5:   hellmonk_lair_end_abyssal_woods, layout_regular_city, slime_entry_1,
          grunt_forest_small_clearing_treed
Snake:1:  layout_chambers, serial_shops, nicolae_shop_advertising_works
          [nicolae_subvault_shop_adworks], nicolae_shop_real_fake_doors,
          st_stairs_1, uniq_azrael, uniq_jorgrun
Snake:2:  layout_honeycomb, ebering_ghost_xom
Snake:3:  layout_cave_town, uniq_aizul
Snake:4:  minmay_snake_end_coiled, layout_onion,
          nicolae_snake_herptile_family_reunion
Orc:1:    dreamdust_dug_too_deep, layout_diamond_mine, serial_shops,
          nicolae_shop_rolling_square, uniq_urug
Orc:2:    st_orc_mages, layout_caves, gauntlet_entry_generic, uniq_donald
Vaults:1: advil_vaults_ghost_lines, hangedman_vaults_cutoff,
          nicolae_vaults_storage_closets_1, nicolae_vaults_circle_grid_b,
          vaults_room_grunt_arrival_checkpoint, nicolae_vaults_big_angled_halls,
          hangedman_vaults_maws, nicolae_vaults_meiosis,
          nicolae_vaults_double_plus_3, vaults_mumra_chevron_long,
          nicolae_vaults_house_1, nicolae_vaults_shrinking_rooms_2,
          nicolae_vaults_trapezoid_1, grunt_vaults_hallway_short,
          layout_vaults_ring
Vaults:2: v_misc_5, nicolae_vaults_yaktaur_gun_rack, v_pattern_5, v_misc_11,
          serial_library_hellmonk_reading_circle,
          minmay_crypt_entry_simple_plaza, hangedman_vaults_impose,
          vaults_room_glass_cross, nicolae_vaults_house_3, vaults_dpeg_spiral,
          grunt_vaults_funnel, nicolae_vaults_heart-shaped_vault,
          vaults_mumra_chevron, grunt_vaults_diagonal, v_misc_24,
          nicolae_vaults_diagonal_hallway_8, layout_vaults_omnicross,
          serial_shops, nicolae_shop_trees
Vaults:3: hangedman_vaults_locks, nicolae_vaults_twisting_passages,
          st_octagons_1, nicolae_vaults_ninety_degrees,
          nicolae_vaults_diamond_1, v_misc_30, hangedman_vaults_restitches,
          grunt_vaults_twisty, vaults_room_large_hall,
          nicolae_vaults_little_squares_1, nicolae_vaults_tetromino_L_2,
          nicolae_vaults_little_squares_4, nicolae_vaults_specimen_jars,
          layout_vaults_maze_bifur
Vaults:4: nicolae_vaults_tetromino_Z_2, hangedman_vaults_hat, v_misc_27,
          vaults_room_stairs_pillars, nicolae_vaults_six-pack,
          vaults_standard_mumra_lines, nicolae_vaults_network_quinsquares
          [nicolae_vaults_network_quincunx_subvault,
          nicolae_vaults_network_quincunx_subvault,
          nicolae_vaults_network_quincunx_subvault,
          nicolae_vaults_network_quincunx_subvault],
          nicolae_vaults_statue_guard, nicolae_vaults_two_Ls, v_misc_25,
          v_misc_18, grunt_vaults_hallway_long, nicolae_vaults_tetromino_Z_2,
          nicolae_vaults_theta, nicolae_vaults_asterisk, layout_vaults_omnigrid,
          uniq_zenata, uniq_boris

Skill      XL: |  1  2  3  4  5  6  7  8  9 10 11 12 13 14 15 16 17 18 19 20 |
---------------+-------------------------------------------------------------+-----
Conjurations   | 2 3 4 5 6 7 8 9 10 11 12 | 12.3
Spellcasting   | 5 6 7 8 9 10 11 12 13 14 15 | 15.1
Invocations    | 1 2 3 4 5 6 7 8 9 10 11 12 13 14 15 | 15.5
Fighting       | 1 2 3 4 5 6 7 8 10 11 13 14 15 16 17 18 | 18.2
Short Blades   | 1 2 3 4 5 6 7 8 9 10 11 12 13 14 | 14.3
Long Blades    | 1 2 3 4 5 6 7 8 9 10 11 12 13 14 | 14.3
Axes           | 1 2 3 4 5 6 7 8 9 10 11 12 13 14 | 14.3
Maces & Flails | 1 2 3 4 5 6 7 8 9 10 11 12 13 14 | 14.3
Polearms       | 1 2 3 4 5 6 7 8 9 10 11 12 13 14 | 14.3
Staves         | 1 2 3 4 5 6 7 8 9 10 11 12 13 14 | 14.3
Ranged Weapons | 1 2 3 4 5 6 7 8 9 10 11 12 13 14 | 14.3
Throwing       | 1 2 3 4 5 6 7 8 9 10 11 12 13 14 | 14.3
Armour         | 1 2 3 4 5 6 7 8 9 10 11 12 13 14 | 14.3
Shields        | 1 2 3 4 5 6 7 8 9 10 11 12 13 14 | 14.3
Unarmed Combat | 1 2 3 4 5 6 7 8 9 10 11 12 13 14 | 14.3
Evocations     | 1 2 3 4 5 6 7 8 9 10 11 12 13 14 | 14.3
Shapeshifting  | 1 2 3 4 5 6 7 8 9 10 11 12 13 | 13.2
Hexes          | 1 2 3 4 5 6 7 8 9 10 11 12 | 12.1
Summonings     | 1 2 3 4 5 6 7 8 9 10 11 12 | 12.1
Necromancy     | 1 2 3 4 5 6 7 8 9 10 11 12 | 12.1
Translocations | 1 2 3 4 5 6 7 8 9 10 11 12 | 12.1
Fire Magic     | 1 2 3 4 5 6 7 8 9 10 11 12 | 12.1
Ice Magic      | 1 2 3 4 5 6 7 8 9 10 11 12 | 12.1
Earth Magic    | 1 2 3 4 5 6 7 8 9 10 11 12 | 12.1
Alchemy        | 1 2 3 4 5 6 7 8 9 10 11 12 | 12.1
Dodging        | 5 6 7 8 9 10 11 12 13 14 15 | 15.0
Stealth        | 5 6 7 8 9 10 11 12 13 14 | 14.8
Air Magic      | 6 7 8 9 10 11 12 13 | 13.2

Action                     |  1- 3 |  4- 6 |  7- 9 | 10-12 | 13-15 | 16-18 | 19-21 || total
---------------------------+-------+-------+-------+-------+-------+-------+-------++-------
  Melee: Glaive            |    20 |       |       |       |       |       |       ||    20
         Hand axe          |     8 |       |       |       |       |       |       ||     8
         Bite              |     2 |     5 |    24 |    88 |   188 |   163 |   135 ||   605
         Dagger            |    17 |    52 |   111 |       |       |       |       ||   180
         Punch             |       |     1 |     3 |    34 |       |       |       ||    38
         Spear             |       |       |    17 |       |       |       |       ||    17
         Trident           |       |       |    43 |   710 |   235 |       |       ||   988
         Quarterstaff      |       |       |    15 |       |       |       |       ||    15
         Flail             |       |       |       |       |   168 |    42 |   309 ||   519
         Demon whip        |       |       |       |       |   820 |   813 |   278 ||  1911
         Unarmed           |       |       |       |       |    11 |       |       ||    11
  Throw: Dart              |       |     3 |       |    15 |    14 |    10 |     4 ||    46
   Cast: Shock             |    43 |    29 |     2 |       |       |       |       ||    74
         Stone Arrow       |     1 |     1 |    41 |    27 |    67 |    44 |    11 ||   192
         Static Discharge  |       |    17 |    21 |    16 |    29 |    23 |     4 ||   110
         Swiftness         |       |     1 |     3 |     1 |     7 |     1 |       ||    13
         Airstrike         |       |     2 |    19 |    40 |    76 |    31 |     4 ||   172
         Blink             |       |       |     6 |     5 |    24 |    14 |    20 ||    69
         Call Imp          |       |       |     2 |     3 |     2 |     1 |       ||     8
         Mephitic Cloud    |       |       |     6 |    66 |    56 |    22 |    14 ||   164
         Anguish           |       |       |       |    12 |    51 |    36 |    36 ||   135
         Curse of Agony    |       |       |       |     1 |     9 |     1 |       ||    11
         Enfeeble          |       |       |       |     1 |     1 |       |       ||     2
         Summon Forest     |       |       |       |       |    28 |    44 |    17 ||    89
         Lee's Rapid Decon |       |       |       |       |       |    15 |     8 ||    23
         Sticky Flame      |       |       |       |       |       |   122 |    66 ||   188
         Shatter           |       |       |       |       |       |     1 |       ||     1
         Haunt             |       |       |       |       |       |       |    29 ||    29
 Invoke: Channel Magic     |       |       |       |     2 |     2 |     2 |     3 ||     9
         Divine Exegesis   |       |       |       |     1 |     1 |     1 |       ||     3
  Evoke: Wand              |       |       |       |    10 |    16 |     9 |     2 ||    37
    Use: Scroll            |       |     4 |     5 |    14 |     7 |    11 |     6 ||    47
         Potion            |       |     3 |     5 |     4 |     3 |     5 |     2 ||    22
   Stab: Sleeping          |     5 |     5 |     5 |     4 |    13 |    14 |    16 ||    62
         Confused          |       |       |     4 |    48 |    62 |    13 |     9 ||   136
         Invisible         |       |       |     1 |       |       |       |       ||     1
         Distracted        |       |       |       |     1 |     7 |     5 |     7 ||    20
         Petrifying        |       |       |       |       |     2 |       |       ||     2
         Paralysed         |       |       |       |       |       |       |     7 ||     7
 Armour: Robe              |    30 |    54 |    86 |       |       |       |       ||   170
         Swamp dragon scal |       |       |    13 |   350 |   642 |   460 |       ||  1465
         Ring mail         |       |       |       |       |       |    33 |   402 ||   435
  Dodge: Dodged            |    51 |    61 |   151 |   517 |   618 |   507 |   254 ||  2159
  Block: Other             |       |       |     1 |   150 |       |       |       ||   151
         Reflection        |       |       |       |    15 |    28 |    63 |    43 ||   149
         Buckler           |       |       |       |    15 |   622 |   228 |    96 ||   961
         Kite shield       |       |       |       |       |       |   499 |   456 ||   955
         Form:             |       |       |       |       |       |     1 |       ||     1
         Serpent           |       |       |       |       |       |     1 |       ||     1

Table legend: (Time is in decaauts)
 A = Elapsed time spent in this place.
 B = Non-inter-level travel time spent in this place.
 C = Inter-level travel time spent in this place.
 D = Time resting spent in this place.
 E = Time spent auto-exploring this place.
 F = Levels seen in this place.
 G = Mean time per level.
                   A        B        C        D        E       F      G
               +--------+--------+--------+--------+--------+-----+--------+
         Total |  51272 |  49884 |   1388 |  11486 |  21589 |  33 | 1553.7 |
       Dungeon |  20683 |  19807 |    876 |   2999 |  10093 |  15 | 1378.9 |
          Lair |   7724 |   7457 |    267 |    992 |   4227 |   5 | 1544.8 |
     Snake Pit |   7131 |   6999 |    132 |   2098 |   3097 |   4 | 1782.8 |
  Orcish Mines |   3923 |   3901 |     22 |   1139 |   1119 |   2 | 1961.5 |
        Vaults |   8527 |   8437 |     90 |   2891 |   2940 |   4 | 2131.8 |
        Bailey |    687 |    687 |      0 |    235 |     52 |   1 |  687.0 |
      Ice Cave |   1914 |   1914 |      0 |    974 |     44 |   1 | 1914.0 |
      Gauntlet |    680 |    680 |      0 |    158 |     17 |   1 |  680.0 |
               +--------+--------+--------+--------+--------+-----+--------+

Top non-repeatable levels by time:
Vaults:2: 3107 daAuts
Vaults:1: 2530 daAuts
Vaults:3: 2431 daAuts
    D:10: 2378 daAuts
   Orc:1: 2139 daAuts
  Lair:5: 2007 daAuts
    D:14: 1992 daAuts
 Snake:1: 1991 daAuts
   IceCv: 1914 daAuts
 Snake:3: 1845 daAuts
   Orc:2: 1784 daAuts
  Lair:1: 1741 daAuts
 Snake:4: 1738 daAuts
     D:6: 1621 daAuts
     D:5: 1615 daAuts
